 Dungeon Crawl Stone Soup version 0.27-a0-46-g34d46f0a3f (webtiles) character file.

Game seed: 14794098264270685636

102 Borgoz the Ruffian (level 4, -2/40 HPs)
             Began as a Ghoul Monk on Jan 7, 2021.
             Slain by a worker ant (7 damage)
             ... on level 4 of the Dungeon.
             The game lasted 00:02:59 (2572 turns).

Borgoz the Ruffian (Ghoul Monk)                     Turns: 2572, Time: 00:03:00

Health: -2/40      AC:  5    Str: 15    XL:     4   Next: 77%
Magic:  3/3        EV: 11    Int:  5    God:
Gold:   236        SH:  0    Dex: 11    Spells: 3/3 levels left

rFire    . . .     SeeInvis +     - Unarmed
rCold    + . .     Faith    .   (no shield)
rNeg     + + +     Spirit   .   g - +0 ring mail
rPois    ∞         Reflect  .   (no helmet)
rElec    .         Harm     .   (no cloak)
rCorr    .         Rampage  .   (no gloves)
Will     .....     Rnd*Tele +   (no boots)
Stlth    +.........             (no amulet)
HPRegen  0.00/turn              k - ring of see invisible
MPRegen  0.08/turn              i - ring of teleportation (curse)

@: no status effects
A: claws 1, cold resistance 1, negative energy resistance 3, inhibited
regeneration, torment resistance, unbreathing
a: no special abilities


You were on level 4 of the Dungeon.
You visited 1 branch of the dungeon, and saw 4 of its levels.

You collected 236 gold pieces.

Inventory:

Armour
 g - a +0 ring mail (worn)
Jewellery
 i - a cursed ring of teleportation (right claw)
 k - a ring of see invisible (left claw)
Wands
 j - a wand of digging (5)
Scrolls
 e - 2 scrolls of magic mapping
 f - 3 scrolls of identify
 l - 2 scrolls of remove curse
Potions
 a - a potion of heal wounds {unknown}
 b - a potion of flight
 d - a potion of invisibility
 h - a potion of haste


   Skills:
 + Level 3.9 Fighting
 + Level 1.4 Armour
 + Level 3.2 Dodging
 + Level 3.1 Stealth
 + Level 3.9 Unarmed Combat


You had 3 spell levels left.
You didn't know any spells.
Your spell library was empty.

Dungeon Overview and Level Annotations

Branches:
Dungeon (4/15)
 Temple: D:4-7

Altars:
Hepliaklqana
The Shining One


Innate Abilities, Weirdness & Mutations

You thrive by killing the living.
You are immune to poison.
You have sharp fingernails.
Your flesh is cold resistant. (rC+)
You are immune to negative energy. (rN+++)
You do not regenerate when monsters are visible.
You are immune to unholy pain and torment.
You can survive without breathing.


Message History

The worker ant closely misses you.
You scratch the worker ant.
The worker ant is heavily wounded.
The worker ant barely misses you.
You scratch the worker ant.
The worker ant is almost dead.
The worker ant bites you but does no damage.
The worker ant bites you.
* * * LOW HITPOINT WARNING * * *
You barely miss the worker ant.
The worker ant is almost dead.
The worker ant bites you but does no damage.
You scratch the worker ant but do no damage.
The worker ant is almost dead.
The worker ant bites you.
* * * LOW HITPOINT WARNING * * *
You closely miss the worker ant.
The worker ant is almost dead.
The worker ant bites you!
You die...

$.###########
.........@B.#
##..#######.#
###.#####.#
###.........##
........##...#
##.....<..#
#.#
#.........#
)..........#
.(......(..#


You could see a worker ant.

Vanquished Creatures
  A howler monkey (D:4)
  An adder (D:3)
  2 worms (D:2)
  4 leopard geckos
  A ball python (D:1)
  7 giant cockroaches
  3 hobgoblins
  4 jackals (D:2)
  A quokka (D:2)
  5 bats
  A frilled lizard (D:1)
  4 goblins
  3 kobolds
  5 rats (D:1)
42 creatures vanquished.

Notes
Turn   | Place    | Note
-------+----------+-------------------------------------------
     0 | D:1      | Borgoz the Ghoul Monk began the quest for the Orb.
     0 | D:1      | Reached XP level 1. HP: 19/19 MP: 0/0
   185 | D:1      | Reached XP level 2. HP: 25/26 MP: 1/1
   800 | D:1      | Reached XP level 3. HP: 30/31 MP: 2/2
  1041 | D:2      | Found a glowing golden altar of the Shining One.
  1085 | D:2      | Found a hazy altar of Hepliaklqana.
  1134 | D:2      | Reached skill level 1 in Armour
  2520 | D:3      | Reached XP level 4. HP: 21/40 MP: 3/3
  2572 | D:4      | Slain by a worker ant

Illustrated notes

Levels and vault maps discovered:
D:1:      ncdulo_wetmaze, layout_loops_ring, hangedman_decor_points,
          minmay_pentomino_u4
D:2:      layout_basic, old_standard_altar, lemuel_statue_altar
D:3:      layout_loops_corners
D:4:      layout_loops_ring, cheibriados_altar_1,
          chequers_temple_overflow_minitemple, serial_shops, shop_fountains,
          minmay_misc_feat_four_crosses, grunt_decor_arrowhead

Skill      XL: |  1  2  3  4 |
---------------+-------------+-----
Dodging        | 3 |  3.2
Armour         | 1 |  1.4
Stealth        | 3 |  3.1
Fighting       | |  3.9
Unarmed Combat | |  3.9

Action                   |  1- 3 |  4- 6 || total
-------------------------+-------+-------++-------
Melee: Unarmed           |   131 |    23 ||   154
       Punch             |     2 |       ||     2
  Use: Scroll            |    10 |       ||    10
       Potion            |     4 |     1 ||     5
 Stab: Sleeping          |     4 |       ||     4
Armor: Robe              |    15 |       ||    15
       Ring mail         |     9 |     6 ||    15
Dodge: Dodged            |    88 |     9 ||    97

Table legend: (Time is in decaauts)
 A = Elapsed time spent in this place.
 B = Non-inter-level travel time spent in this place.
 C = Inter-level travel time spent in this place.
 D = Time resting spent in this place.
 E = Time spent auto-exploring this place.
 F = Levels seen in this place.
 G = Mean time per level.
                   A        B        C        D        E       F      G
               +--------+--------+--------+--------+--------+-----+--------+
         Total |   2565 |   2527 |     38 |    131 |   2005 |   4 |  641.2 |
       Dungeon |   2565 |   2527 |     38 |    131 |   2005 |   4 |  641.2 |
               +--------+--------+--------+--------+--------+-----+--------+

Top non-repeatable levels by time:
     D:2: 1162 daAuts
     D:1: 969 daAuts
     D:3: 398 daAuts
     D:4: 35 daAuts
